 Dungeon Crawl Stone Soup version 0.29.1-12-g30fa7ad0bf (webtiles) character file.

Game seed: 9700318318710331902

65 fantasyman the Trooper (level 4, -33/37 HPs)
             Began as a Formicid Fighter on Dec 21, 2022.
             Killed by an exploding gnoll (37 damage)
             ... ignited by their inner flame
             ... on level 2 of the Dungeon.
             The game lasted 00:01:54 (1445 turns).

fantasyman the Trooper (Formicid Fighter)           Turns: 1445, Time: 00:01:55

Health: -33/37     AC:  9    Str: 22    XL:     4   Next: 35%
Magic:  4/4        EV:  7    Int:  8    God:
Gold:   93         SH:  7    Dex: 19    Spells: 3/3 levels left

rFire   . . .      SeeInvis +   a - +0 flail
rCold   . . .      Faith    .   c - +1 buckler
rNeg    . . .      Spirit   .   f - +0 chain mail
rPois   .          Reflect  .   (helmet unavailable)
rElec   .          Harm     .   i - scarf {shadows}
rCorr   .          Rampage  .   (no gloves)
Will    .....                   (no boots)
Stlth   ..........              (no amulet)
HPRegen 0.12/turn               e - +6 ring of dexterity
MPRegen 0.09/turn               (no ring)

@: mighty
A: permanent stasis, dig shafts and tunnels, antennae 3, four strong arms
a: Dig, Shaft Self


You were on level 2 of the Dungeon.
You visited 1 branch of the dungeon, and saw 2 of its levels.

You collected 93 gold pieces.

Inventory:

Hand Weapons
 a - a +0 flail (weapon)
Armour
 b - a +0 scale mail
 c - a +1 buckler (worn)
 f - a +0 chain mail (worn)
 i - a scarf of shadows (worn)
Jewellery
 e - a +6 ring of dexterity (left hand)
 n - the ring of Dithmenos's Scorn {rF+ Will+}
   (You found it on level 2 of the Dungeon)

   [ring of protection from fire]

   rF:        It protects you from fire.
   Will:      It increases your willpower.
 o - a ring of resist corrosion
 p - an amulet of faith
Scrolls
 g - a scroll of identify
 h - a scroll of magic mapping
 k - 2 scrolls of enchant armour
 l - 2 scrolls of noise


   Skills:
 + Level 4.1 Fighting
 + Level 2.9 Maces & Flails
 + Level 4.1 Armour
 - Level 4.0 Shields


You had 3 spell levels left.
You didn't know any spells.
Your spell library contained the following spells:

 Spells                   Type           Power      Damage    Failure   Level
 Sting                    Tmut/Pois      0%         1d3       99%         1
 Poisonous Vapours        Pois/Air       0%         N/A       100%        2
 Olgreb's Toxic Radiance  Pois           0%         N/A       100%        4


Dungeon Overview and Level Annotations

Branches:
Dungeon (2/15)

Altars:


Innate Abilities, Weirdness & Mutations

You cannot be hasted, slowed, berserked, paralysed or teleported.
You can dig through walls and to a lower floor.
You have a pair of large antennae on your head. (SInv)
Your four strong arms can wield two-handed weapons with a shield.


Message History

The gnoll shouts!
You hear a shout!
A gnoll comes into view. It is wielding a +0 club.
A quokka comes into view.
You block the quokka's attack.
You sock the quokka!
You kill the quokka!
The gnoll barely misses you.
You see here a quokka corpse.
As you read the scroll labelled UTIXTUD IHUMM, it crumbles to dust.
It is a scroll of enchant armour.
Your +0 buckler glows green for a moment.
The gnoll closely misses you.
As you read the scroll labelled GIVOAPTULA, it crumbles to dust.
You hear a loud clanging noise!
It was a scroll of noise.
You block the gnoll's attack.
As you read the scroll labelled ONEUGR UMUEZ, it crumbles to dust.
The creatures around you are filled with an inner flame!
It was a scroll of immolation.
The gnoll hits you from afar with a +0 spear.
It was a potion of magic.
Magic courses through your body. The gnoll hits you but does no damage.
You feel very mighty all of a sudden. The gnoll hits you but does no damage.
The gnoll hits you with a +0 spear. You block the gnoll's attack.
You barely miss the gnoll. The gnoll hits you but does no damage.
The gnoll barely misses you.
You barely miss the gnoll. You block the gnoll's attack.
The gnoll hits you from afar with a +0 halberd.
You block the gnoll's attack.
The gnoll hits you from afar with a +0 halberd.
* * * LOW HITPOINT WARNING * * *
You completely miss the gnoll. The gnoll hits you with a +0 spear.
* * * LOW HITPOINT WARNING * * *
The gnoll hits you but does no damage.
You sock the gnoll!
The gnoll explodes!
The fiery explosion engulfs the gnoll!!!
The fiery explosion engulfs you!!!
Ouch! That really hurt!
You die...

. # # ## ## #### .# #.
.... .# #. ###.# .#.
....### #.#
###....###.#########.#
.....#...)...g§§@....#
###....###?#########.#
.......##.#
###.###.##.#
#......g.#
#.###.........
###..###########
...<.#
.....############


You could see a gnoll (inner flame).

Vanquished Creatures
  2 adders (D:2)
  3 gnolls (D:2)
  2 dart slugs
  3 ball pythons
  6 bats
  2 endoplasms
  2 giant cockroaches (D:1)
  3 hobgoblins
  2 kobolds (D:1)
  A quokka (D:2)
  2 frilled lizards (D:2)
  3 goblins (D:1)
  3 rats (D:2)
34 creatures vanquished.

Notes
Turn   | Place    | Note
-------+----------+-------------------------------------------
     0 | D:1      | fantasyman the Formicid Fighter began the quest for the
                  | Orb.
     0 | D:1      | Reached XP level 1. HP: 18/18 MP: 1/1
   213 | D:1      | Reached XP level 2. HP: 20/24 MP: 2/2
   781 | D:1      | Reached XP level 3. HP: 30/30 MP: 3/3
  1050 | D:2      | Identified the ring of Dithmenos's Scorn {rF+ Will+}
  1294 | D:2      | Reached XP level 4. HP: 21/37 MP: 4/4
  1445 | D:2      | Killed by an exploding gnoll... ignited by their inner
                  | flame

Illustrated notes

Levels and vault maps discovered:
D:1:      kennysheep_arrival_forest, layout_basic
D:2:      layout_loops_ring, uniq_sigmund

Skill      XL: |  1  2  3 |
---------------+----------+-----
Fighting       | 4 |  4.1
Armour         | 4 |  4.1
Maces & Flails | |  2.9
Shields        | |  4.0

Action                   |  1- 3 |  4- 6 || total
-------------------------+-------+-------++-------
Melee: Flail             |    77 |    15 ||    92
  Use: Scroll            |     2 |     3 ||     5
       Potion            |       |     2 ||     2
Armor: Chain mail        |    34 |     7 ||    41
       Scale mail        |     2 |       ||     2
Dodge: Dodged            |    39 |     8 ||    47
Block: Buckler           |    24 |     8 ||    32
